 Dungeon Crawl Stone Soup version 0.28-b1-38-gff268fdeb9 (webtiles) character file.

Game seed: 14224212119946648283

9 Hantington the Skirmisher (level 2, -1/19 HPs)
             Began as a Gargoyle Monk on Feb 3, 2022.
             Frozen to death by an endoplasm (5 damage)
             ... on level 1 of the Dungeon.
             The game lasted 00:01:26 (181 turns).

Hantington the Skirmisher (Gargoyle Monk)            Turns: 181, Time: 00:01:27

Health: -1/19      AC:  5    Str: 14    XL:     2   Next: 12%
Magic:  2/2        EV: 27    Int: 10    God:
Gold:   0          SH:  0    Dex: 12    Spells: 1/1 levels left

rFire   . . .      SeeInvis .     - Unarmed
rCold   . . .      Faith    .   (no shield)
rNeg    + . .      Spirit   .   a - +0 robe
rPois   ∞          Reflect  .   (no helmet)
rElec   +          Harm     .   (no cloak)
rCorr   .          Rampage  .   d - +0 pair of gloves
Will    .....                   (no boots)
Stlth   ++........              c - amulet of the acrobat
HPRegen 0.06/turn               (no ring)
MPRegen 0.08/turn               (no ring)

@: acrobatic
A: sickness immunity, AC +2, negative energy resistance 1, electricity
resistance, torment resistance 1, petrification resistance
a: no special abilities


You were on level 1 of the Dungeon.
You visited 1 branch of the dungeon, and saw 1 of its levels.

Inventory:

Armour
 a - a +0 robe (worn)
 d - a +0 pair of gloves (worn)
Jewellery
 c - an amulet of the acrobat (around neck)
Potions
 b - a potion of degeneration {unknown}


   Skills:
 + Level 3.5 Fighting
 + Level 2.6 Dodging
 + Level 2.2 Stealth
 + Level 3.1 Unarmed Combat


You had one spell level left.
You didn't know any spells.
Your spell library was empty.

Dungeon Overview and Level Annotations

Branches:
Dungeon (1/15)

Altars:


Innate Abilities, Weirdness & Mutations

You are immune to sickness and miasma.
Your stone body is resilient. (AC +2)
You are immune to poison.
You resist negative energy. (rN+)
You are resistant to electric shocks. (rElec)
You are resistant to unholy torment.
You are immune to petrification.


Message History

You start putting on your amulet.
You continue putting on your amulet of the acrobat. x5
You finish putting on your amulet of the acrobat.
You feel ready to tumble and roll out of harm's way.
c - an amulet of the acrobat (around neck)
An endoplasm comes into view.
An endoplasm comes into view.
There is a shaft here.
A rat comes into view.
Found a stone staircase leading down.
The rat completely misses you. The rat closely misses you.
You hit the rat.
You kill the rat!
You see here a rat corpse.
A goblin comes into view. It is wielding a +0 club.
Found an escape hatch in the floor.
The endoplasm quivers.
The goblin shouts!
The endoplasm quivers.
You closely miss the goblin. The goblin hits you but does no damage.
You hit the goblin.
You kill the goblin!
You have reached level 2!
The endoplasm hits you.
The endoplasm jiggles.
The endoplasm misses you.
You hit the endoplasm.
The endoplasm is almost dead.
The endoplasm hits you but does no damage.
The endoplasm freezes you.
You are frozen.
You hit the endoplasm.
You kill the endoplasm!
The endoplasm freezes you.
You are frozen.
* * * LOW HITPOINT WARNING * * *
The endoplasm freezes you.
You are frozen.
You die...

.#.####..# .........#
#...†...##########
..................
...#######.#####.#
#...######.###.#)#
#..............#.# .#
##^........###.#.###..##
................@J......
##########.........#..##
.#########.........# #
.#.......#...###.#....#
##.#####.#.......#.##..
##...............#.# >#
.................#.# .
########.#.......# #
###.#.......#


You could see an endoplasm.

Vanquished Creatures
  An endoplasm (D:1)
  A giant cockroach (D:1)
  A goblin (D:1)
  A hobgoblin (D:1)
  2 ball pythons (D:1)
  A kobold (D:1)
  A rat (D:1)
8 creatures vanquished.

Notes
Turn   | Place    | Note
-------+----------+-------------------------------------------
     0 | D:1      | Hantington the Gargoyle Monk began the quest for the Orb.
     0 | D:1      | Reached XP level 1. HP: 14/14 MP: 1/1
     9 | D:1      | Found a faded altar of an unknown god.
   178 | D:1      | Reached XP level 2. HP: 10/19 MP: 2/2
   181 | D:1      | Frozen to death by an endoplasm

Illustrated notes

Levels and vault maps discovered:
D:1:      amcnicky_arrival_double_pillar, layout_basic,
          ebering_ecumenical_altar_webs, minmay_tiny_reverse_x

Action                   || total
-------------------------++-------
Melee: Unarmed           ||    25
Armor: Robe              ||     9
Dodge: Dodged            ||    26
